[Event "*** Titled Tuesday Blitz"]
[Site "Chess.com"]
[Date "2018.10.02"]
[Round "1"]
[White "AnkitGajwa"]
[Black "Tarlev_Konstantin"]
[Result "0-1"]
[WhiteElo "2294"]
[BlackElo "2620"]
[TimeControl "180+2"]
[EndTime "13:12:26 PDT"]
[Termination "Tarlev_Konstantin won by resignation"]

1. e4 e5 2. Nf3 Nc6 3. Bb5 a6 4.
Ba4 Nf6 5. O-O Be7 6. Re1 b5 7. Bb3 d6 8. c3 O-O 9. h3 Nb8 10. d4 Nbd7 11. Nbd2 Bb7 12. Bc2 Re8 13. Nf1 Bf8 14.
Ng3 g6 15. Bg5 h6 16. Bd2 c5 17. d5 c4 18. b4 a5 19. a4 axb4 20. cxb4 bxa4 21.
Bxa4 Qc7 22. Qc1 Kh7 23. Qc2 Rec8 24. Bc3 Nb6 25. Bb5 Bg7 26. Ra5 Nbxd5 27. exd5 Nxd5 28. Rea1 Rxa5 29. Rxa5 Nxc3 30. Qxc3 d5 31. Ne2 d4 32. Qc1 Qb6 33. h4 e4 34. Nfxd4 Bxd4 35. Nxd4 Qxd4 36. h5 c3 37. hxg6+ fxg6 38. Bd7 Rf8 39.
Bh3 Qxf2+ 40. Kh2 e3 41. Qxc3 Qf4+ 42. Kh1 e2 43. Re5 Qf1+ 44. Kh2 Qf4+ 45. Kg1 Qf2+ 46.
Kh2 Rf7 47. Qe3 Qxe3 48. Rxe3 Ba6 49. Bg4 Rg7 50. Bxe2 Bxe2 51. Rxe2 Rb7 52. Re4 h5 53. g4 Kh6 54. gxh5 Kxh5 55. Kg3 Kg5 56. Kf3 Kf5 57. Ke3 g5 58. Rc4 Re7+ 59. Kf3 Rd7 60. Rc5+ Kg6 61. b5 Rd3+ 62. Kg4 Rd4+ 63. Kg3 Rb4 64. Rc6+ Kh5 65.
b6 Rb3+ 66. Kg2 Kh4 67. Rh6+ Kg4 68. Rc6 Rb2+ 69. Kf1 Kh3 70. Rc3+ Kh2 71. Rc4 Rxb6 72. Rg4 Rf6+ 73. Ke2 Rf5 74. Ke3 Kh3 75. Rg1 g4 76.
Ke4 Rf8 77. Rh1+ Kg2 78. Rh4 g3 79. Ke3 Kg1 80. Ke2 g2 81. Rg4 Re8+ 82. Kf3 Kf1 83. Rxg2 Rf8+ 0-1

[Event "*** Titled Tuesday Blitz"]
[Site "Chess.com"]
[Date "2018.10.02"]
[Round "1"]
[White "WPWPWP-2015"]
[Black "plouarzel"]
[Result "1/2-1/2"]
[WhiteElo "2293"]
[BlackElo "2599"]
[TimeControl "180+2"]
[EndTime "13:13:22 PDT"]
[Termination "Game drawn by agreement"]

1. e4 d6 2. d4 Nf6 3. Nc3 e5 4. Nf3 Nbd7 5. Bc4 exd4 6. Nxd4 Nb6 7. Bb3 c5 8. Nf3 c4 9. Ba4+ Nxa4 10. Nxa4 Nxe4 11. Qd5 Nc5 12. Nxc5 Qa5+ 13. Bd2 Qxc5 14.
Qxc5 dxc5 15. O-O-O f6 16. Rhe1+ Kf7 17. Bf4 Be6 18.
Nd2 Be7 19. Ne4 Rhd8 20. Nd6+ Bxd6 21. Bxd6 b6 22. Bf4 c3 23. b3 Bd5 24. f3 Bc6 25.
Bg3 h5 26. Rxd8 Rxd8 27. Rd1 Re8 28. Re1 Rd8 29. Rd1 Rh8 30. h3 Rh6 31. Rd6 Rg6 32. Be1 Bb5 33. g3 h4 34. g4 Rh6 35. Bxc3 Bf1 36.
g5 fxg5 37. Rd7+ Ke6 38. Rxg7 Kf5 39. Rf7+ Ke6 40. Rg7 Bxh3 41. Rxg5 Bf5 42. Rg2 h3 43. Rh2 Rg6 44. Bd2 Ke5 45. Re2+ Kd5 46. Bf4 Kc6 47. c4 Bd7 48. Kd2 Rf6 49. Ke3 Re6+ 50. Kf2 Rf6 51. Be5 Rg6 52. Bg3 Bf5 53. Rd2 a6 54. Re2 b5 55. cxb5+ axb5 56. Re5 Bd3 57. Rh5 Re6 58. Rxh3 Re2+ 59. Kg1 Rxa2 60. Rh6+ Kb7 61. Bf2 c4 62. Rb6+ Ka8 63. Rxb5 c3 64. Rc5 c2 65.
Be3 Ra1+ 66. Kf2 Rf1+ 67. Kg3 Re1 68. Bf4 Rg1+ 69. Kf2 Rf1+ 70. Kg3 Kb7 71. b4 Kb6 72. Rc3 Bf5 73. Rc5 Bd3 74. Be3 Kb7 75. f4 Re1 76.
Kf2 Rf1+ 77. Kg3 Re1 78. Kf3 Rb1 79. Rc3 Bf5 80. Rc5 Bd3 81. Rc3 Bg6 82. Rc5 Rxb4 83. f5 Bh5+ 84. Kf2 Rb2 85. Bc1 Ra2 86. f6 Bf7 87. Ke3 Kb6 88. Rc3 Bg6 89. Kf4 Ra5 90. Be3+ Kb7 91. Kg3 Rf5 92. Rxc2 Rxf6 93. Rb2+ Kc7 94.
Rb6 Rc6 95. Rxc6+ Kxc6 96. Kf4 Kd5 97. Kg3 Ke4 98. Bf4 Bh5 99. Bb8 Bf3 100. Bc7 Bh1 101. Bf4 Kf5 102. Bb8 Kg6 103. Bf4 Kf7 104. Bb8 Ba8 105. Ba7 Bb7 106. Bb8 Ba8 107. Ba7 Bg2 108. Bb8 Ke6 109. Ba7 Kd5 110. Bb8 Kc6 111. Ba7 Kb7 112. Bf2 1/2-1/2

[Event "*** Titled Tuesday Blitz"]
[Site "Chess.com"]
[Date "2018.10.02"]
[Round "1"]
[White "Sanan_Sjugirov"]
[Black "bourideu"]
[Result "1/2-1/2"]
[WhiteElo "2817"]
[BlackElo "2452"]
[TimeControl "180+2"]
[EndTime "13:13:53 PDT"]
[Termination "Game drawn - insufficient material"]

1. d4 Nf6 2. Nf3 g6 3. g3 Bg7 4. Bg2 O-O 5. O-O d5 6. Nbd2 c5 7. dxc5 Na6 8. Nb3 Ne4 9. Ng5 Nxg5 10. Bxg5 Bxb2 11. Rb1 Bg7 12. Qxd5 Qxd5 13. Bxd5 Nb4 14.
Bf3 Nxa2 15. Bxe7 Re8 16. Bd6 Nc3 17. Rbe1 Ne4 18. Rd1 a5 19. Nd4 Nc3 20. Rd3 Bxd4 21. Rxd4 Nxe2+ 22. Bxe2 Rxe2 23. Ra1 Bd7 24. Bc7 Bc6 25.
Kf1 Rxc2 26. Rxa5 Rxa5 27. Bxa5 Rxc5 28. Bb4 Rc1+ 29. Ke2 Rc2+ 30. Ke3 f6 31. Rd8+ Kf7 32. Rh8 h5 33. h4 Ke6 34. Rg8 Kf5 35. Rf8 Rc4 36.
Ba5 Re4+ 37. Kd3 Re8 38. Rf7 Ke6 39. Rg7 Kf5 40. Bc3 Rd8+ 41. Ke3 Rd6 42. Rf7 Re6+ 43.
Kd2 Rd6+ 44. Ke3 Re6+ 45. Kd4 Re4+ 46. Kc5 Re6 47. Rf8 g5 48. hxg5 Kxg5 49. Kd4 Re4+ 50.
Kd3 Re6 51. Bd4 Kg6 52. Rg8+ Kf7 53. Rh8 Be4+ 54. Ke3 Bg6+ 55. Kd2 Rd6 56. Kc3 Rd7 57. Rb8 Be4 58. Be3 Kg6 59. Kb4 Kf5 60. Rh8 Kg4 61. Rf8 f5 62. Kc5 Kf3 63. Rh8 Rd3 64. Rxh5 Rxe3 65. fxe3 Kxe3 66. Rg5 Kf3 67. Kd4 Kf2 68.
Rg7 Kf3 69. Ke5 Bc2 70. Rc7 Be4 71. Rc3+ Kg4 72. Rb3 Kg5 73. Kd4 Kg4 74. Rc3 Bf3 75. Ke5 Be4 76. Ra3 Bf3 77. Kf6 Be4 78. Ke5 Bf3 79.
Rb3 Be4 80. Rc3 Bf3 81. Rc7 Be4 82. Rg7+ Kf3 83. Kd4 Kf2 84. g4 fxg4 85. Kxe4 g3 86. Rf7+ Ke2 87. Rxb7 g2 88. Rb2+ Kf1 89. Kf3 g1=N+ 90.
Ke3 Nh3 91. Rh2 Ng1 92. Rf2+ Ke1 93. Rf8 Ne2 94. Rg8 Kf1 95. Rf8+ Ke1 96. Ra8 Nc1 97. Rc8 Kd1 98. Rc7 Nb3 99. Rc3 Nc1 100. Rc6 Nb3 101. Kd3 Nc1+ 102. Ke4 Kd2 103. Rd6+ Kc2 104. Ke3 Nb3 105. Rc6+ Kb2 106. Kd3 Nc1+ 107. Kc4 Kc2 108. Rh6 Kd2 109. Rh2+ Ne2 110. Rh3 Nf4 111. Rf3 Ne2 112. Rd3+ Ke1 113. Kd5 Nf4+ 114. Ke4 Nxd3 1/2-1/2

[Event "*** Titled Tuesday Blitz"]
[Site "Chess.com"]
[Date "2018.10.02"]
[Round "1"]
[White "woodhy"]
[Black "topotun"]
[Result "1/2-1/2"]
[WhiteElo "2417"]
[BlackElo "2718"]
[TimeControl "180+2"]
[EndTime "13:13:58 PDT"]
[Termination "Game drawn by agreement"]

1. e4 c5 2. Nf3 e6 3. d4 cxd4 4. Nxd4 Nc6 5. c4 Nf6 6. Nc3 Bb4 7. Nxc6 bxc6 8. Bd3 e5 9. O-O O-O 10. Qc2 d6 11. a3 Bc5 12. b4 Bd4 13. Bb2 a5 14. c5 axb4 15. axb4 Rxa1 16. Rxa1 dxc5 17. bxc5 Bxc5 18. Na4 Bd4 19. Bxd4 Qxd4 20. Rc1 Bd7 21. Nc5 Rd8 22. Be2 Qb4 23. Nxd7 Rxd7 24. Qxc6 h6 25. Bg4 Rd8 26. Bf3 Qe7 27. g3 g6 28.
Kg2 Kg7 29. h4 Rd2 30. Qc5 Qe6 31. Rc2 Rd4 32. Re2 g5 33. hxg5 hxg5 34. Re3 g4 35.
Be2 Rxe4 36. Rxe4 Nxe4 37. Qe3 Nf6 38. Qg5+ Kf8 39. Kg1 Ke7 40. Kh2 Kf8 41. Kg1 Ke8 42. Kh2 Ne4 43. Qg8+ Ke7 44. Bxg4 f5 45. Qg7+ Kd6 46.
Qf8+ Kc7 47. Bxf5 Qd5 48. Bxe4 Qxe4 49. Qe7+ Kc6 50. Qe6+ Kc5 51. Kh3 Qd4 52. Qf5 Kd6 53. f4 exf4 54. gxf4 Qe3+ 55. Kg4 Qg1+ 56. Kh5 Qh2+ 57.
Kg6 Qg3+ 58. Kf7 Qb3+ 59. Kg7 Qb7+ 60. Qf7 Qf3 61. f5 Kc5 62. Qe7+ Kc4 63. Qe6+ Kc3 64.
Qe5+ Kc2 65. f6 Qg4+ 66. Kf7 Qd7+ 67. Qe7 Qd5+ 68. Kg7 Qg5+ 69. Kf8 Kb1 70. Qb7+ Ka2 71. Qa6+ Kb1 72. Qb6+ Ka2 73. f7 Qe5 74. Qa6+ Kb1 75. Qf1+ Ka2 76. Qg2+ Kb1 77. Kg8 Qe6 78. Kg7 Qe5+ 79. Kh7 Qe7 80. Qg6+ Ka2 81. Qc2+ Ka1 82. Qc3+ Ka2 83. Qc4+ Ka1 84. Qa4+ Kb2 85. Qd4+ Ka2 86. Qf2+ Ka1 87. Kg6 Qf8 88. Qf6+ Ka2 89. Qe6+ Kb1 90.
Qe8 Qd6+ 91. Kf5 Qd5+ 92. Kf6 Qd6+ 93. Qe6 Qf8 94. Qb6+ Ka2 95. Qa7+ Kb1 96. Qb7+ Ka2 97. Qd5+ Kb1 98. Qd1+ Ka2 99. Qe2+ Kb1 100. Qe7 Qh6+ 101.
Ke5 Qe3+ 102. Kd6 Qa3+ 103. Kd7 Qa7+ 104. Ke8 Qb8+ 105. Qd8 Qe5+ 106. Kf8 Qh8+ 107. Ke7 Qe5+ 108. Kd7 Qd5+ 109. Ke8 Qe5+ 110. Qe7 Qb8+ 111. Kd7 Qb7+ 112. Ke6 Qe4+ 113. Kf6 Qh4+ 114. Ke6 Qe4+ 115. Kd7 Qb7+ 116. Kd6 Qb4+ 1/2-1/2

[Event "*** Titled Tuesday Blitz"]
[Site "Chess.com"]
[Date "2018.10.02"]
[Round "2"]
[White "GMBenjaminFinegold"]
[Black "albi1999"]
[Result "1-0"]
[WhiteElo "2286"]
[BlackElo "2399"]
[TimeControl "180+2"]
[EndTime "13:16:26 PDT"]
[Termination "GMBenjaminFinegold won by resignation"]

1. d4 d5 2. c4 e6 3. Nc3 Nf6 4. Bg5 Be7 5. e3 Nbd7 6. Nf3 h6 7. Bh4 O-O 8. Qc2 c5 9. cxd5 Nxd5 10. Bxe7 Qxe7 11. Nxd5 exd5 12. dxc5 Nxc5 13. Bd3 Bg4 14.
Nd4 Rac8 15. O-O Ne6 16. Qa4 Nc5 17. Qa3 Qf6 18. Rac1 a6 19. Rxc5 1-0

[Event "*** Titled Tuesday Blitz"]
[Site "Chess.com"]
[Date "2018.10.02"]
[Round "2"]
[White "francogreek"]
[Black "vovachesss"]
[Result "0-1"]
[WhiteElo "2366"]
[BlackElo "2467"]
[TimeControl "180+2"]
[EndTime "13:17:02 PDT"]
[Termination "vovachesss won by resignation"]

1. Nf3 d5 2. g3 Nc6 3. d4 Bg4 4. Bg2 Bxf3 5. Bxf3 Nf6 6. O-O e5 7. dxe5 Nxe5 8. Bg2 c6 9. b3 Bd6 10. Bb2 O-O 11. Nd2 Qe7 12. Re1 Rad8 13. e3 Ba3 14. Qc1 Bxb2 15. Qxb2 Rfe8 16. e4 dxe4 17.
Nxe4 Nxe4 18. Rxe4 Qf6 19. Rae1 Nf3+ 20. Bxf3 Rxe4 0-1

[Event "*** Titled Tuesday Blitz"]
[Site "Chess.com"]
[Date "2018.10.02"]
[Round "2"]
[White "aquaticpineapples"]
[Black "Ziyamammadov"]
[Result "1-0"]
[WhiteElo "2029"]
[BlackElo "1909"]
[TimeControl "180+2"]
[EndTime "13:18:51 PDT"]
[Termination "aquaticpineapples won by resignation"]

1. d4 d5 2. Nf3 e6 3. e3 c5 4.
b3 Nc6 5. a3 Nf6 6. Bb2 Bd6 7.
Bd3 O-O 8. O-O b6 9. Nbd2 Bb7 10. Ne5 cxd4 11. exd4 Nd7 12. Qe2 f6 13. Nxc6 Qc7 14.
Qxe6+ Kh8 15. Nb4 Bxb4 16. axb4 Rae8 17. Qh3 h6 18. Qf5 Kg8 1-0

[Event "*** Titled Tuesday Blitz"]
[Site "Chess.com"]
[Date "2018.10.02"]
[Round "2"]
[White "Indianlad"]
[Black "017290"]
[Result "1-0"]
[WhiteElo "2810"]
[BlackElo "2540"]
[TimeControl "180+2"]
[EndTime "13:18:53 PDT"]
[Termination "Indianlad won by resignation"]

1. d4 Nf6 2. c4 e6 3. g3 d5 4. Bg2 c5 5. cxd5 exd5 6. Nf3 Nc6 7. O-O Be6 8. b3 h6 9. Nc3 Be7 10. Bb2 O-O 11. dxc5 Bxc5 12. Rc1 Rc8 13. Na4 Be7 14.
Nc5 b6 15. Nxe6 fxe6 16. Bh3 Qd6 17. Nd4 Nxd4 18. Qxd4 Ne8 19. Rxc8 Bf6 20. Qd2 e5 21. Qc2 e4 22. Bxf6 Qxf6 23. Qc6 Qe5 24. Be6+ Kh7 25.
Rxe8 Rf6 26. Bg8+ 1-0

[Event "*** Titled Tuesday Blitz"]
[Site "Chess.com"]
[Date "2018.10.02"]
[Round "2"]
[White "ajkom197"]
[Black "Supernotar"]
[Result "1-0"]
[WhiteElo "2392"]
[BlackElo "2424"]
[TimeControl "180+2"]
[EndTime "13:18:55 PDT"]
[Termination "ajkom197 won by resignation"]

1. c4 c5 2. g3 Nc6 3. Bg2 g6 4. e3 Bg7 5. Ne2 e6 6. O-O Nge7 7. Nbc3 O-O 8. d4 cxd4 9. Nxd4 Nxd4 10. exd4 d5 11.
cxd5 Nxd5 12. Nxd5 exd5 13. Be3 Be6 14. Qb3 Qb6 15.
Qxb6 axb6 16. a3 Rfc8 17. Rfc1 Kf8 18. h4 h5 19. Bf1 Ke7 20. Bd3 Rxc1+ 21. Rxc1 Rc8 22.
Rxc8 Bxc8 23. Kf1 Bg4 24. Ke1 Bf3 25. Kd2 Ke6 26. Bb5 Bf6 27. Bd3 Bg7 28. Kc3 Bf8 29. Kb3 Bd6 30. Bg5 Bd1+ 31. Kc3 f6 32. Bf4 Bxf4 33.
gxf4 f5 34. Bb5 Ke7 35. Kb4 Bf3 36. a4 Be4 37. a5 bxa5+ 38. Kxa5 Kd8 39. Kb6 Kc8 40. Be8 Bf3 41. Bxg6 Bg4 42. Bf7 Bf3 43.
Be6+ 1-0

[Event "*** Titled Tuesday Blitz"]
[Site "Chess.com"]
[Date "2018.10.02"]
[Round "2"]
[White "Alexander_Moskalenko"]
[Black "EndgameGrinder"]
[Result "1-0"]
[WhiteElo "2835"]
[BlackElo "2481"]
[TimeControl "180+2"]
[EndTime "13:19:05 PDT"]
[Termination "Alexander_Moskalenko won by resignation"]

1. Nf3 c5 2. c4 Nc6 3. Nc3 g6 4. e3 Nf6 5. d4 cxd4 6. exd4 d5 7. cxd5 Nxd5 8. Qb3 Nxc3 9. Bc4 Nd5 10. Bxd5 e6 11.
Bxc6+ bxc6 12. O-O Bg7 13. Bf4 O-O 14. Qe3 Ba6 15.
Rfc1 Qb6 16. Bh6 Rfd8 17. Bxg7 Kxg7 18. b3 Rac8 19. Rc5 Bb5 20. Rac1 a5 21. Ne5 f6 22. Ng4 Kf7 23. Qh6 Rh8 24. Qf4 Qd8 25. Rxb5 cxb5 26. Rxc8 Qxc8 27. Qxf6+ 1-0

[Event "*** Titled Tuesday Blitz"]
[Site "Chess.com"]
[Date "2018.10.02"]
[Round "2"]
[White "BocharovD"]
[Black "Lovkov_Roman"]
[Result "1-0"]
[WhiteElo "2798"]
[BlackElo "2632"]
[TimeControl "180+2"]
[EndTime "13:19:30 PDT"]
[Termination "BocharovD won by resignation"]

1. c4 Nf6 2. Nf3 g6 3. g3 Bg7 4. Bg2 O-O 5. d4 d6 6. Nc3 Nc6 7. O-O e5 8. dxe5 Nxe5 9. b3 Nxf3+ 10. Bxf3 a6 11. Bb2 Rb8 12. Qc2 Bf5 13. e4 Bg4 14.
Bxg4 Nxg4 15. Qe2 Ne5 16. Kg2 Qd7 17. Rad1 b5 18. c5 f5 19. cxd6 f4 20. gxf4 Rxf4 21. dxc7 Rg4+ 22. Kh1 Qxc7 23. Nd5 1-0

[Event "*** Titled Tuesday Blitz"]
[Site "Chess.com"]
[Date "2018.10.02"]
[Round "2"]
[White "RitvarsReimanis"]
[Black "BilodeauA"]
[Result "0-1"]
[WhiteElo "2610"]
[BlackElo "2895"]
[TimeControl "180+2"]
[EndTime "13:19:40 PDT"]
[Termination "BilodeauA won by resignation"]

1. d4 d5 2. c4 dxc4 3. Nf3 a6 4.
a4 Nf6 5. e3 Bg4 6. Bxc4 e6 7.
O-O Nc6 8. Nc3 Bd6 9. Qe2 O-O 10.
Rd1 Qe7 11. h3 Bh5 12. e4 e5 13. g4 Nxg4 14. hxg4 Bxg4 15. Qe3 exd4 16. Nxd4 Nxd4 17. Rxd4 Bc5 18. Qd3 Bxd4 19. Qxd4 Rad8 20. Nd5 Qh4 21. Qe5 Bf3 22. Qh2 Qxe4 23. Ne3 Qxc4 0-1

[Event "*** Titled Tuesday Blitz"]
[Site "Chess.com"]
[Date "2018.10.02"]
[Round "2"]
[White "senecacrane"]
[Black "Saitama_Hero"]
[Result "0-1"]
[WhiteElo "2177"]
[BlackElo "2228"]
[TimeControl "180+2"]
[EndTime "13:19:51 PDT"]
[Termination "Saitama_Hero won by resignation"]

1. Nf3 Nf6 2. e3 c5 3. d4 e6 4. c4 b6 5. Nc3 cxd4 6. exd4 Bb7 7. d5 Bb4 8. Bg5 h6 9. Bxf6 Qxf6 10. Qd3 Na6 11. Rd1 Nc5 12. Qc2 O-O 13. Be2 Rac8 14. O-O Bxc3 15. bxc3 e5 16. Nd2 d6 17. Ne4 Qg6 18.
Bd3 Nxd3 19. Qxd3 f5 20. Ng3 Ba6 21. f4 Bxc4 22. Qe3 Bxf1 23. Rxf1 e4 24. Qd4 Qf6 25. Qa4 Rf7 26. Rc1 Rxc3 27. Rxc3 Qxc3 28. Qe8+ Rf8 29. Qe6+ Kh8 30. h3 Qxg3 0-1

[Event "*** Titled Tuesday Blitz"]
[Site "Chess.com"]
[Date "2018.10.02"]
[Round "2"]
[White "MITerryble"]
[Black "plouarzel"]
[Result "1-0"]
[WhiteElo "2773"]
[BlackElo "2595"]
[TimeControl "180+2"]
[EndTime "13:19:57 PDT"]
[Termination "MITerryble won by resignation"]

1. d4 d6 2. Nf3 Nf6 3. Bg5 Nbd7 4. Nc3 h6 5. Bh4 g5 6. Bg3 Bg7 7. e4 Nh5 8. Bc4 c6 9. a4 Qa5 10. O-O Nxg3 11. hxg3 e6 12. d5 cxd5 13. exd5 e5 14. g4 Nf6 15. Bb5+ Ke7 16. Be2 Nxg4 17. Nd2 Nf6 18. Nc4 Qd8 19. Nb5 Ne8 20. Re1 a6 21.
Nc3 f5 22. a5 Kf7 23. Bh5+ Kf6 24. g4 Nc7 25. gxf5 Bxf5 26. Qf3 Rf8 27. Nxd6 Qd7 28.
Nxf5 Qxf5 29. Ne4+ Ke7 30. d6+ Ke6 31. Bg4 1-0

[Event "*** Titled Tuesday Blitz"]
[Site "Chess.com"]
[Date "2018.10.02"]
[Round "2"]
[White "ShimanovAlex"]
[Black "Aygehovit1992"]
[Result "0-1"]
[WhiteElo "2730"]
[BlackElo "2665"]
[TimeControl "180+2"]
[EndTime "13:20:24 PDT"]
[Termination "Aygehovit1992 won by resignation"]

1. e4 e5 2. Nf3 Nc6 3. Bc4 Bc5 4. c3 Nf6 5. d3 O-O 6. Bg5 h6 7. Bh4 Be7 8. Nbd2 Nh5 9. g3 d6 10. a4 Nf6 11. Bxf6 Bxf6 12. h4 Bg4 13. Qc2 a6 14.
Nh2 Bd7 15. Ndf1 b5 16. Bd5 Rb8 17. axb5 axb5 18. Ne3 b4 19. Nhg4 bxc3 20. bxc3 h5 21. Nxf6+ Qxf6 22. O-O Rb6 23. f4 Qg6 24. Kh2 Rfb8 25.
Ra2 exf4 26. Rxf4 Be6 27. Nc4 Bxd5 28. exd5 Ne5 29. Nxb6 Rxb6 30. d4 Ng4+ 31. Kh3 Qxc2 32. Rxc2 Rb1 33. Rf3 Rh1+ 0-1

[Event "*** Titled Tuesday Blitz"]
[Site "Chess.com"]
[Date "2018.10.02"]
[Round "2"]
[White "Gubajdullin"]
[Black "gmcorrales"]
[Result "1-0"]
[WhiteElo "2361"]
[BlackElo "2690"]
[TimeControl "180+2"]
[EndTime "13:20:28 PDT"]
[Termination "Gubajdullin won on time"]

1. d4 Nf6 2. Bf4 d5 3. e3 c5 4. c3 Qb6 5. Qb3 c4 6. Qc2 Nh5 7. Be5 f6 8. Bg3 g6 9. Nd2 Bf5 10. e4 dxe4 11. Nxc4 Qd8 12. Ne3 Nxg3 13. hxg3 Nc6 14.
g4 Bd7 15. Qxe4 Bg7 16. Bc4 Qb6 17. Rxh7 Qxb2 18. Qxg6+ Kd8 19. Rb1 Qxc3+ 20. Kf1 Rxh7 21. Qxh7 Bf8 22. Qg8 Rc8 23. Qxf8+ Be8 24. Ne2 Qd2 25. Bf7 Kd7 26. Rxb7+ 1-0

[Event "*** Titled Tuesday Blitz"]
[Site "Chess.com"]
[Date "2018.10.02"]
[Round "2"]
[White "Blitzstream"]
[Black "Sychev_Klementy"]
[Result "1-0"]
[WhiteElo "2615"]
[BlackElo "2774"]
[TimeControl "180+2"]
[EndTime "13:20:37 PDT"]
[Termination "Blitzstream won by resignation"]

1. d4 Nf6 2. Bg5 c5 3. Bxf6 gxf6 4. d5 Qb6 5. Qc1 f5 6. c4 Bh6 7. e3 f4 8. exf4 Bxf4 9. Qxf4 Qxb2 10. Ne2 Qxa1 11.
Nc3 Qb2 12. d6 Nc6 13. Bd3 Nb4 14. Be4 Nc2+ 15. Bxc2 Qxc2 16. O-O Qg6 17. Nd5 Qxd6 18. Qg5 b6 19. Re1 e6 20. Nbc3 Bb7 21. Nb5 Rg8 22.
Nxd6+ Kf8 23. Qh6+ 1-0

[Event "*** Titled Tuesday Blitz"]
[Site "Chess.com"]
[Date "2018.10.02"]
[Round "2"]
[White "xamax2000"]
[Black "kleinebeer98"]
[Result "1-0"]
[WhiteElo "2474"]
[BlackElo "2517"]
[TimeControl "180+2"]
[EndTime "13:20:38 PDT"]
[Termination "xamax2000 won by resignation"]

1. e4 d5 2. exd5 Qxd5 3. Nc3 Qa5 4. d4 Nf6 5. Bd2 Bg4 6. f3 Bf5 7. Bc4 c6 8. Nge2 e6 9. g4 Bg6 10. h4 h6 11. Nf4 Bh7 12. Qe2 Nbd7 13. g5 hxg5 14.
hxg5 Qxg5 15. O-O-O O-O-O 16. Nxe6 Qf5 17. Rxh7 Rxh7 18.
Nxd8 Kxd8 19. Bd3 Qh5 20. Bxh7 Qxh7 21. Bg5 Qf5 22. Ne4 Be7 23. Bxf6 Nxf6 24. Nxf6 Bxf6 25.
Kb1 Kc7 26. Qe4 Qh5 27. a3 a5 28. d5 cxd5 29. Rxd5 Qh1+ 30. Ka2 Qc1 31. Rb5 b6 32. Qc4+ Kb7 33. Qxf7+ Ka6 34. Qc4 1-0

[Event "*** Titled Tuesday Blitz"]
[Site "Chess.com"]
[Date "2018.10.02"]
[Round "2"]
[White "murmah2003"]
[Black "Koksik_13"]
[Result "0-1"]
[WhiteElo "2552"]
[BlackElo "2711"]
[TimeControl "180+2"]
[EndTime "13:20:46 PDT"]
[Termination "Koksik_13 won by resignation"]

1. d4 e6 2. c4 d5 3. Nc3 Nf6 4. Nf3 Be7 5. Bf4 O-O 6. e3 b6 7. cxd5 Nxd5 8. Nxd5 exd5 9. a3 c5 10. dxc5 bxc5 11. Bd3 Nc6 12. O-O Be6 13. Qc2 g6 14. Rfd1 Qb6 15. Rac1 Rac8 16. h3 Rfd8 17. Ng5 c4 18.
Be2 Bf5 19. e4 Bxg5 20. Bxg5 Bxe4 21. Qc3 Re8 22. Bg4 Rb8 23. b4 cxb3 24. Bf6 b2 25. Qxb2 Qxb2 26. Bxb2 Rxb2 27. Rxc6 Rd8 28. f3 Bc2 29. Rd2 Rb1+ 30. Kh2 Ba4 31. Ra6 Bb5 32. Rxa7 f5 33. a4 Be8 34. Re2 fxg4 35. Ree7 gxf3 36.
Rg7+ Kf8 37. Rxh7 Rd7 38. Rhxd7 Bxd7 39. Rxd7 f2 0-1

[Event "*** Titled Tuesday Blitz"]
[Site "Chess.com"]
[Date "2018.10.02"]
[Round "2"]
[White "dmosesov"]
[Black "FMJoseHerrera"]
[Result "0-1"]
[WhiteElo "2319"]
[BlackElo "2505"]
[TimeControl "180+2"]
[EndTime "13:20:51 PDT"]
[Termination "FMJoseHerrera won by resignation"]

1. e4 c5 2. Nf3 e6 3. d4 cxd4 4. Nxd4 a6 5. Bd3 Qc7 6. O-O d6 7. Qe2 Nd7 8. Nc3 Ngf6 9. f4 Be7 10. f5 e5 11. Nb3 b5 12. a3 Bb7 13. Be3 h5 14.
Rad1 Rc8 15. h3 h4 16. Bg5 Qb6+ 17. Kh2 Nc5 18. Qe3 Qc7 19. Kg1 Qb8 20. Nxc5 dxc5 21. Bxf6 gxf6 22. Nd5 Bxd5 23. exd5 c4 24. Kh1 cxd3 25.
Qxd3 Qd6 26. b3 Rg8 27. c4 Rg3 28. Qe2 bxc4 29. bxc4 Qxa3 30. Ra1 Qd3 31. Qh5 Rxh3+ 32. gxh3 Qxh3+ 33. Kg1 Bc5+ 0-1

[Event "*** Titled Tuesday Blitz"]
[Site "Chess.com"]
[Date "2018.10.02"]
[Round "2"]
[White "Jbd735"]
[Black "akretchetov"]
[Result "1/2-1/2"]
[WhiteElo "2303"]
[BlackElo "2283"]
[TimeControl "180+2"]
[EndTime "13:20:53 PDT"]
[Termination "Game drawn by repetition"]

1. d4 Nf6 2. Nf3 d5 3. Bf4 c5 4.
c3 cxd4 5. cxd4 Nc6 6. Nc3 a6 7. e3 Bg4 8. h3 Bxf3 9. Qxf3 e6 10. Bd3 Bd6 11. Bg5 Be7 12. O-O O-O 13. Rac1 Rc8 14. Rfd1 b5 15. a4 Nb4 16. Bb1 bxa4 17. Nxa4 Qa5 18. Nc5 Rfe8 19. Bxf6 Bxf6 20. Nd7 Be7 21.
Rxc8 Rxc8 22. Ne5 Bf6 23. Bxh7+ Kxh7 24. Qh5+ Kg8 25. Qxf7+ Kh7 26. Qxe6 Qc7 27. Qf5+ Kg8 28. Qe6+ Kh7 29. Qf5+ Kg8 30. Qe6+ Kh7 1/2-1/2

[Event "*** Titled Tuesday Blitz"]
[Site "Chess.com"]
[Date "2018.10.02"]
[Round "2"]
[White "SmoothAsAHedgehog"]
[Black "grzechu96"]
[Result "1-0"]
[WhiteElo "2552"]
[BlackElo "2490"]
[TimeControl "180+2"]
[EndTime "13:20:57 PDT"]
[Termination "SmoothAsAHedgehog won by resignation"]

1. Nf3 d5 2. c4 c6 3. g3 Nf6 4. Bg2 Bf5 5. cxd5 cxd5 6. Qb3 Qb6 7.
Qxb6 axb6 8. Nc3 e6 9. d3 Be7 10. Bf4 Nc6 11. O-O O-O 12. Rfc1 Rfc8 13. Nb5 Ra5 14.
Nfd4 Bc5 15. a4 e5 16. Nxf5 exf4 17. gxf4 Rd8 18. d4 Bb4 19. e3 h5 20. h3 Kf8 21.
Nh4 Ne4 22. Nf3 f6 23. Bf1 Rda8 24. b3 g5 25. fxg5 fxg5 26. Bd3 g4 27. hxg4 hxg4 28.
Bxe4 dxe4 29. Ng5 g3 30. Nxe4 gxf2+ 31. Kxf2 Ke7 32. Ke2 Rg8 33. Rg1 Rxg1 34. Rxg1 Ra8 35. Rg7+ Kf8 36. Rxb7 Re8 37. Ng5 Ba5 38. Nh7+ 1-0

[Event "*** Titled Tuesday Blitz"]
[Site "Chess.com"]
[Date "2018.10.02"]
[Round "2"]
[White "BasilSmash"]
[Black "Mr_Penings"]
[Result "0-1"]
[WhiteElo "2398"]
[BlackElo "2526"]
[TimeControl "180+2"]
[EndTime "13:20:58 PDT"]
[Termination "Mr_Penings won by resignation"]

1. d4 Nf6 2. Bf4 g6 3. Nc3 Bg7 4. e4 O-O 5. Qd2 d6 6. O-O-O Nc6 7. Bh6 e5 8. d5 Ne7 9. f3 Bd7 10. g4 Qb8 11. h4 b5 12. h5 b4 13. Nce2 Rc8 14. Ng3 c6 15. Bxg7 Kxg7 16. hxg6 fxg6 17. Qh6+ Kf7 18. g5 Ne8 19. Qxh7+ Ng7 20. Bc4 cxd5 21. Bxd5+ Nxd5 22. Rxd5 b3 23. axb3 Qxb3 24. Qh2 Rab8 25. c3 Ba4 26. Qd2 Qa2 0-1

[Event "*** Titled Tuesday Blitz"]
[Site "Chess.com"]
[Date "2018.10.02"]
[Round "2"]
[White "TastyFrenchFries"]
[Black "Eliwood44"]
[Result "1-0"]
[WhiteElo "2397"]
[BlackElo "2188"]
[TimeControl "180+2"]
[EndTime "13:21:01 PDT"]
[Termination "TastyFrenchFries won by resignation"]

1. Na3 Nf6 2. Nh3 d5 3. g3 e5 4. Bg2 Be6 5. c3 h6 6. d4 exd4 7. cxd4 c6 8. O-O Be7 9. Nf4 Bf5 10. Nc2 O-O 11. Ne3 Bh7 12. a3 a5 13. Qb3 Ra7 14. f3 Bd6 15. Bd2 Bxf4 16. gxf4 Re8 17. Rf2 Nbd7 18.
Bh3 Nf8 19. Nf5 Ne6 20. e3 Bxf5 21. Bxf5 Qe7 22. Kh1 Nf8 23. Rg1 Kh8 24. Rfg2 g6 25. Bd3 Raa8 26. f5 g5 27. Re1 N8h7 28. e4 dxe4 29.
fxe4 Rad8 30. e5 Nd5 31. f6 Qe6 32. Bb1 Nf8 33. Qd1 Ng6 34. Qh5 Kh7 35. Bxg5 1-0

[Event "*** Titled Tuesday Blitz"]
[Site "Chess.com"]
[Date "2018.10.02"]
[Round "2"]
[White "m3alam"]
[Black "Godzillator"]
[Result "1-0"]
[WhiteElo "2121"]
[BlackElo "2251"]
[TimeControl "180+2"]
[EndTime "13:21:13 PDT"]
[Termination "m3alam won by resignation"]

1. d4 d5 2. Nf3 Nf6 3. c4 c6 4.
Nc3 a6 5. c5 e6 6. Bf4 b5 7. h3 a5 8. e3 Be7 9. Bd3 O-O 10. O-O Ba6 11. a3 Nbd7 12. b4 axb4 13. axb4 Bb7 14. Qc2 h6 15. Qb2 Re8 16. Rxa8 Bxa8 17.
Ra1 Bf8 18. Ra7 Nh5 19. Bh2 f5 20. Bc7 Qc8 21. g4 fxg4 22. hxg4 Nhf6 23. g5 hxg5 24.
Nxg5 e5 25. Bg6 exd4 26. Bf7+ Kh8 27. f3 Nh7 28. Qh2 Nf6 29. Nxh7 Nxh7 30. Bg6 Qg4+ 31.
fxg4 1-0